 Dungeon Crawl Stone Soup version 0.29-a0-88-g03a7b78be7 (webtiles) character file.

Game seed: 14905573182762121715

1 dmks the Digger (level 1, -3/10 HPs)
             Began as a Gargoyle Earth Elementalist on Feb 5, 2022.
             Slain by a kobold (4 damage)
             ... on level 1 of the Dungeon.
             The game lasted 00:00:22 (104 turns).

dmks the Digger (Gargoyle Earth Elementalist)        Turns: 104, Time: 00:00:23

Health: -3/10      AC:  4    Str: 11    XL:     1   Next: 20%
Magic:  0/3        EV: 11    Int: 15    God:
Gold:   5          SH:  0    Dex: 10    Spells: 3/4 levels left

rFire   . . .      SeeInvis .   (no weapon)
rCold   . . .      Faith    .   (no shield)
rNeg    + . .      Spirit   .   b - +0 robe
rPois   ∞          Reflect  .   (no helmet)
rElec   +          Harm     .   (no cloak)
rCorr   .          Rampage  .   (no gloves)
Will    .....                   (no boots)
Stlth   ++........              (no amulet)
HPRegen 0.03/turn               (no ring)
MPRegen 0.08/turn               (no ring)

@: no status effects
A: sickness immunity, AC +2, negative energy resistance 1, electricity
resistance, torment resistance 1, petrification resistance
a: no special abilities


You were on level 1 of the Dungeon.
You visited 1 branch of the dungeon, and saw 1 of its levels.

You collected 5 gold pieces.

Inventory:

Missiles
 c - 25 stones
Armour
 b - a +0 robe (worn)


   Skills:
 + Level 1.5 Dodging
 - Level 2.1 Stealth
 + Level 2.0 Spellcasting
 + Level 0.7 Transmutations
 * Level 3.6 Earth Magic


You had 3 spell levels left.
You knew the following spells:

 Your Spells              Type           Power      Damage    Failure   Level
a - Sandblast             Erth           24%        2d8       4%          1

Your spell library contained the following spells:

 Spells                   Type           Power      Damage    Failure   Level
 Passwall                 Tmut/Erth      6%         N/A       14%         2
 Stone Arrow              Conj/Erth      14%        3d7       30%         3
 Petrify                  Tmut/Erth      8%         N/A       65%         4


Dungeon Overview and Level Annotations

Branches:
Dungeon (1/15)

Altars:


Innate Abilities, Weirdness & Mutations

You are immune to sickness and miasma.
Your stone body is resilient. (AC +2)
You are immune to poison.
You resist negative energy. (rN+)
You are resistant to electric shocks. (rElec)
You are resistant to unholy torment.
You are immune to petrification.


Message History

The human shouts!
The orc shouts!
The minotaur bellows!
The octopode shouts!
You open the door.
There is an open door here.
Found 5 gold pieces.
You now have 5 gold pieces.
A hobgoblin comes into view.
A hobgoblin is nearby!
You can't see any susceptible monsters within range! (Use Z to cast anyway.)
A hobgoblin is nearby!
The hobgoblin shouts!
You can't see any susceptible monsters within range! (Use Z to cast anyway.)
You can't see any susceptible monsters within range! (Use Z to cast anyway.)
You can't see any susceptible monsters within range! (Use Z to cast anyway.)
Aim: a hobgoblin (79% to hit)
The blast of sand misses the hobgoblin.
Aim: a hobgoblin (79% to hit)
The blast of sand hits the hobgoblin.
Aim: a hobgoblin (almost dead, 79% to hit)
The blast of sand hits the hobgoblin.
You kill the hobgoblin!
A kobold comes into view. It is wielding a +0 whip.
A kobold is nearby!
A kobold is nearby!
You can't see any susceptible monsters within range! (Use Z to cast anyway.)
You can't see any susceptible monsters within range! (Use Z to cast anyway.)
Aim: a kobold, wielding a +0 whip (wandering, hasn't noticed you, 74% to hit)
The blast of sand hits the kobold but does no damage.
The kobold shouts!
Aim: a kobold, wielding a +0 whip (74% to hit)
The blast of sand misses the kobold.
The kobold closely misses you.
You don't have enough magic to cast this spell.
You don't have enough magic to cast this spell.
You don't have enough magic to cast this spell.
You don't have enough magic to cast this spell.
You don't have enough magic to cast this spell.
Okay, then.
A kobold is nearby!
You don't have enough magic to cast this spell.
You don't have enough magic to cast this spell.
You hit the kobold but do no damage. The kobold hits you with a +0 whip.
You closely miss the kobold. The kobold hits you but does no damage.
You completely miss the kobold.
An endoplasm comes into view.
The kobold hits you with a +0 whip.
You barely miss the kobold. The kobold hits you with a +0 whip.
Ouch! That really hurt!
* * * LOW HITPOINT WARNING * * *
You closely miss the kobold. The kobold hits you with a +0 whip.
You die...

... ...+ ..# ....#
#.# ....# ..##...
.. #.J... ...
+...# ...###+#####
#K..# ...........#
#@..# ........##.#
##..# ##......##.#
#..# ##......##.#
#..#
........##.####..#
###......#.......#
####+#.######.##
..
#...#..#.##+#...
###.#..#........


You could see an endoplasm (wandering) and a kobold.

Vanquished Creatures
  A hobgoblin (D:1)
1 creature vanquished.

Notes
Turn   | Place    | Note
-------+----------+-------------------------------------------
     0 | D:1      | dmks the Gargoyle Earth Elementalist began the quest for
                  | the Orb.
     0 | D:1      | Reached XP level 1. HP: 10/10 MP: 3/3
     2 | D:1      | Noticed an ogre
     2 | D:1      | Noticed a felid
     4 | D:1      | Noticed a vine stalker
     4 | D:1      | Noticed a tengu
     6 | D:1      | Noticed a ghoul
     8 | D:1      | Noticed a dwarf
     8 | D:1      | Noticed a merfolk
    10 | D:1      | Noticed a demigod
    12 | D:1      | Noticed a draconian
    12 | D:1      | Noticed a demonspawn
    14 | D:1      | Noticed a spriggan
    14 | D:1      | Noticed a formicid
    16 | D:1      | Noticed an elf
    18 | D:1      | Noticed a naga
    20 | D:1      | Noticed a gargoyle
    22 | D:1      | Noticed a human
    22 | D:1      | Noticed a vampire
    24 | D:1      | Noticed an octopode
    24 | D:1      | Noticed a troll
    26 | D:1      | Noticed a minotaur
   104 | D:1      | Slain by a kobold

Illustrated notes

Levels and vault maps discovered:
D:1:      kb_arrival_jail, layout_basic

Action                   || total
-------------------------++-------
Melee: Unarmed           ||     5
 Cast: Sandblast         ||     5
Armor: Robe              ||     1
Dodge: Dodged            ||     1

Table legend: (Time is in decaauts)
 A = Elapsed time spent in this place.
 B = Non-inter-level travel time spent in this place.
 C = Inter-level travel time spent in this place.
 D = Time resting spent in this place.
 E = Time spent auto-exploring this place.
 F = Levels seen in this place.
 G = Mean time per level.
                   A        B        C        D        E       F      G
               +--------+--------+--------+--------+--------+-----+--------+
         Total |    104 |    104 |      0 |      0 |     88 |   1 |  104.0 |
       Dungeon |    104 |    104 |      0 |      0 |     88 |   1 |  104.0 |
               +--------+--------+--------+--------+--------+-----+--------+

Top non-repeatable levels by time:
     D:1: 104 daAuts
